 Dungeon Crawl Stone Soup version 0.30-a0-652-gcc886f7154 (webtiles) character file.

Game seed: 3112667355951447586

1920 testman the Reanimator (level 8, -12/64 HPs)
             Began as a Demonspawn Necromancer on Jan 17, 2023.
             Was a Believer of Lugonu.
             Mangled by a swamp worm (19 damage)
             ... on level 7 of the Dungeon.
             The game lasted 00:18:41 (5863 turns).

testman the Reanimator (Demonspawn Necromancer)     Turns: 5863, Time: 00:18:42

Health: -12/64     AC:  6    Str: 10    XL:     8   Next: 96%
Magic:  8/16       EV: 14    Int: 20    God:    Lugonu [**....]
Gold:   328        SH:  0    Dex: 13    Spells: 1/18 levels left

rFire   . . .      SeeInvis .    o - +2 spear (freeze)
rCold   . . .      Faith    .    (no shield)
rNeg    . . .      Spirit   .    a - +0 robe
rPois   .          Reflect  .    x - +0 helmet
rElec   .          Harm     .    i - +0 cloak
rCorr   .          Rampage  .    A - +0 pair of gloves of Least Resistance {Int+2 Slay+2}
Will    .....                    e - +0 pair of boots
Stlth   +                        (no amulet)
HPRegen 0.30/turn                (no ring)
MPRegen 0.15/turn                (no ring)

@: very slightly contaminated, very slow
A: repulsion field 1, spiny 2, demonic magic 1
a: Renounce Religion, Depart the Abyss, Banish


You were on level 7 of the Dungeon.
You worshipped Lugonu.
Lugonu was pleased with you.
You visited 1 branch of the dungeon, and saw 7 of its levels.

You collected 328 gold pieces.

Inventory:

Hand Weapons
 h - a +0 dagger
 o - a +2 spear of freezing (weapon)
Missiles
 y - 2 silver javelins
Armour
 a - a +0 robe (worn)
 e - a +0 pair of boots (worn)
 i - a +0 cloak (worn)
 x - a +0 helmet (worn)
 A - the +0 pair of gloves of Least Resistance (worn) {Int+2 Slay+2}
   (You found it on level 5 of the Dungeon)

   Int:       It affects your intelligence (+2).
   Slay:      It affects your accuracy & damage with ranged weapons and melee
   (+2).
Wands
 f - a wand of roots (6)
 F - a wand of digging (2)
Scrolls
 d - 3 scrolls of poison
 g - 2 scrolls of noise {unknown}
 k - 5 scrolls of blinking {unknown}
 l - 3 scrolls of magic mapping
 n - 2 scrolls of enchant weapon
 q - a scroll of enchant armour {unknown}
 s - a scroll of fog {unknown}
 t - a scroll of vulnerability {unknown}
 B - 3 scrolls of torment {unknown}
 E - 3 scrolls of immolation {unknown}
 G - a scroll of amnesia {unknown}
 H - a scroll of identify
Potions
 b - a potion of mutation {unknown}
 c - 2 potions of curing
 j - a potion of flight
 m - a potion of attraction
 p - a potion of invisibility {unknown}
 r - 3 potions of might
 u - 3 potions of ambrosia
 v - 3 potions of brilliance
 w - 2 potions of cancellation {unknown}
 z - a potion of lignification {unknown}
 C - a potion of magic
 D - a potion of haste {unknown}


   Skills:
 + Level 6.0 Fighting
 - Level 1.7 Dodging
 - Level 1.7 Stealth
 + Level 5.9 Spellcasting
 + Level 2.5 Hexes
 + Level 8.1 Necromancy
 + Level 4.1 Invocations


You had one spell level left.
You knew the following spells:

 Your Spells              Type           Power      Damage    Failure   Level
a - Necrotise             Necr           100%       1d9       1%          1
b - Vampiric Draining     Necr           38%        2d8       1%          3
c - Animate Dead          Necr           38%        N/A       3%          4
d - Agony                 Necr           38%        N/A       10%         5
e - Anguish               Hex/Necr       13%        N/A       12%         4

Your spell library contained the following spells:

 Spells                   Type           Power      Damage    Failure   Level
 Apportation              Tloc           10%        N/A       11%         1
 Foxfire                  Conj/Fire      20%        2x1d5     11%         1
 Freeze                   Ice            20%        1d4       11%         1
 Ensorcelled Hibernation  Hex/Ice        22%        N/A       10%         2
 Blink                    Tloc           10%        N/A       16%         2
 Lesser Beckoning         Tloc           10%        N/A       16%         2
 Momentum Strike          Conj/Tloc      10%        3d8       16%         2
 Frozen Ramparts          Ice            10%        1d2       32%         3
 Hailstorm                Conj/Ice       5%         3d4       32%         3
 Ozocubu's Armour         Ice            5%         N/A       32%         3
 Spider Form              Tmut/Pois      5%         N/A       32%         3
 Alistair's Intoxication  Tmut/Pois      3%         N/A       96%         5
 Fireball                 Conj/Fire      2%         3d4       96%         5
 Starburst                Conj/Fire      2%         6d3       100%        6
 Ozocubu's Refrigeration  Ice            2%         4d8       100%        7


Dungeon Overview and Level Annotations

Branches:
Dungeon (7/15)             Temple (0/1) D:5

Altars:
Qazlal
Ru
Vehumet
Xom
Lugonu


Innate Abilities, Weirdness & Mutations

You are surrounded by a mild repulsion field. (EV +2)
You are mostly covered in sharp spines.
Spells you cast may paralyse adjacent enemies.


Message History

The swamp worm bites the plant.
The plant begins to die.
Reach: o) +2 spear (freeze)
Press: ? - help, Dir - move target, f/p - swamp worm
Aim: a swamp worm (moderately wounded, ally target, about 39% to evade your +2 spear of freezing)
Okay, then.
Casting: Animate Dead (dangerous; 3% risk of failure)
Confirm with . or Enter, or press ? or * to list all spells.
Casting: Anguish (dangerous; 12% risk of failure)
Press: ? - help, Dir - look around, f - activate You miscast Anguish.
You are very lightly contaminated with residual magic.
Nothing appears to happen.
The swamp worm bites your orc priest zombie.
The swamp worm bites the plant.
Your orc priest zombie hits the swamp worm.
The swamp worm bites your orc priest zombie!
Your orc priest zombie is destroyed!
Casting: Anguish (dangerous; 12% risk of failure)
Confirm with . or Enter, or press ? or * to list all spells.
Casting: Anguish (dangerous; 12% risk of failure)
Press: ? - help, Dir - look around, f - activate The swamp worm is haunted by guilt!
The swamp worm resists with some effort.
The ufetubus is haunted by guilt!
Malevolent energies surge around you.
The swamp worm bites the plant!
The swamp worm fires a harpoon shot at you.
The harpoon shot hits you!!
* * * LOW HITPOINT WARNING * * *
You are yanked forward by the harpoon shot.
Splash!
The swamp worm is wracked by anguish!!
The ufetubus is struck by your spines.
The ufetubus closely misses you. x2; The swamp worm bites the plant!
You hit the swamp worm but do no damage.
The swamp worm is almost dead.
Your reaping aura expires.
The ufetubus is struck by your spines.
You kill the ufetubus!
Lugonu accepts your kill. The swamp worm bites you!!
You die...

###.######Z.#Z#
#...# #.##.# #.###
#.##.#### #.###
#.##....# ....#
#~~~~~##.#
###.....~~≈~≈~~#.#
..#~~~~###~~~~##
.~~≈###~###≈~~#
.~≈##~~~~~#w@~#
~~#~~~~~~wP~~#
~≈##~~~~~#P~~#
###:###≈~~# #
~~~## ~~..# ~~#..#
[.....# ..#


You could see 2 swamp worms.

Vanquished Creatures
  Pikel (D:3)
  An ice beast (D:5)
  A black bear (D:6)
  2 lemures
  Blork the orc (D:5)
  A necrophage (D:5)
  A scorpion (D:5)
  A wight (D:7)
  3 hounds
  3 jellies
  A gnoll bouda (D:6)
  2 orc priests
  4 orc wizards
  3 iguanas
  2 gnolls (D:6)
  6 adders
  A shadow imp (D:6)
  A white imp (D:5)
  2 ufetubi
  2 worms (D:2)
  2 dart slugs (D:4)
  11 orcs
  6 endoplasms
  A giant cockroach (D:1)
  8 goblins
  6 hobgoblins
  2 jackals (D:2)
  A kobold (D:1)
  5 quokkas
  3 ball pythons
  3 bats (D:2)
  A frilled lizard (D:1)
  3 rats
91 creatures vanquished.

Vanquished Creatures (collateral kills)
  Edmund (D:6)
  A water moccasin (D:6)
  A hound (D:6)
  An adder (D:2)
  A gnoll (D:6)
  An orc (D:4)
  A quokka (D:2)
7 creatures vanquished.

Vanquished Creatures (others)
  Menkaure (D:6)
  A hound zombie (D:5)
  4 orc zombies (D:7)
  2 plants (D:7)
8 creatures vanquished.

Grand Total: 106 creatures vanquished

Notes
Turn   | Place    | Note
-------+----------+-------------------------------------------
     0 | D:1      | testman the Demonspawn Necromancer began the quest for the
                  | Orb.
     0 | D:1      | Reached XP level 1. HP: 13/13 MP: 3/3
   545 | D:2      | Gained mutation: You are partially covered in sharp spines.
                  | [demonic ancestry]
   545 | D:2      | Reached XP level 2. HP: 20/20 MP: 3/5
   552 | D:2      | Reached skill level 1 in Fighting
   713 | D:2      | Reached XP level 3. HP: 26/26 MP: 3/6
   719 | D:2      | Learned a level 3 spell: Vampiric Draining
  1346 | D:3      | Reached skill level 5 in Necromancy
  1413 | D:3      | Found a shimmering altar of Xom.
  1423 | D:3      | Gained mutation: You are surrounded by a mild repulsion
                  | field. (EV +2) [demonic ancestry]
  1423 | D:3      | Reached XP level 4. HP: 22/33 MP: 6/8
  1492 | D:3      | Found a faded altar of an unknown god.
  1496 | D:3      | Prayed at the altar of an unknown god.
  1496 | D:3      | Became a worshipper of Lugonu the Unformed
  1496 | D:3      | Reached * piety under Lugonu
  1833 | D:3      | Learned a level 4 spell: Animate Dead
  2228 | D:4      | Noticed a lemure
  2228 | D:4      | Noticed a lemure
  2230 | D:4      | Noticed Pikel
  2230 | D:4      | Noticed a lemure
  2250 | D:4      | Killed a lemure
  2255 | D:4      | Noticed a lemure
  2275 | D:3      | Killed a lemure
  2351 | D:3      | Identified a scroll of acquirement
  2351 | D:3      | Acquired a +2 pair of gloves of dexterity
  2359 | D:3      | Killed Pikel
  2360 | D:3      | Reached skill level 6 in Necromancy
  2360 | D:3      | Reached XP level 5. HP: 8/42 MP: 2/11
  2360 | D:3      | Gained mutation: Spells you cast may paralyse adjacent
                  | enemies. [demonic ancestry]
  2360 | D:3      | Reached XP level 6. HP: 10/48 MP: 2/12
  2360 | D:3      | Reached XP level 7. HP: 11/54 MP: 2/13
  2814 | D:4      | Learned a level 5 spell: Agony
  2878 | D:4      | Found a sacrificial altar of Ru.
  3315 | D:5      | Entered Level 5 of the Dungeon
  3436 | D:5      | Found a radiant altar of Vehumet.
  3470 | D:5      | Reached skill level 7 in Necromancy
  3473 | D:5      | Reached ** piety under Lugonu
  3474 | D:5      | Reached skill level 5 in Spellcasting
  3476 | D:5      | Noticed Blork the orc
  3487 | D:5      | Killed Blork the orc
  3488 | D:5      | Reached skill level 5 in Fighting
  3530 | D:5      | Found a staircase to the Ecumenical Temple.
  3811 | D:5      | Identified the +0 pair of gloves of Least Resistance {Int+2
                  | Slay+2}
  3988 | D:5      | Found a stormy altar of Qazlal.
  4120 | D:5      | Gained mutation: You are mostly covered in sharp spines.
                  | [demonic ancestry]
  4120 | D:5      | Reached XP level 8. HP: 54/62 MP: 15/15
  4138 | D:5      | Reached skill level 1 in Invocations
  4253 | D:5      | Learned a level 4 spell: Anguish
  4610 | D:6      | Noticed Menkaure
  4714 | D:6      | Killed Menkaure
  4715 | D:6      | Reached skill level 1 in Hexes
  4924 | D:6      | Noticed Edmund
  4937 | D:6      | HP: 3/63 [Edmund/+3 flail of holy wrath (7)]
  4937 | D:6      | HP: 1/63 [water moccasin (2)]
  4940 | D:6      | Killed Edmund
  4990 | D:6      | Reached skill level 8 in Necromancy
  5863 | D:7      | Mangled by a swamp worm

Illustrated notes

Levels and vault maps discovered:
D:1:      dpeg_arrival_pond, layout_rooms
D:2:      layout_rooms
D:3:      layout_basic, overflow_temple_1_default,
          hellmonk_ecumenical_altar_leap_of_faith
D:4:      layout_basic, kennysheep_mini, uniq_pikel
D:5:      minmay_bubble_buster, layout_loops_ring, mainiacjoe_overflow_alcove_2,
          old_standard_altar, minmay_temple_entry_butterflies,
          uniq_blork_the_orc
D:6:      layout_loops_ring, uniq_menkaure, uniq_edmund
D:7:      layout_loops_ring, nicolae_kikubaaqudgha_miasma_corner,
          nicolae_gozag_seed_capital, jmf_multi_god_temple2, grunt_livestock,
          worms_lemuel, uniq_prince_ribbit1

Skill      XL: |  1  2  3  4  5  6  7  8 |
---------------+-------------------------+-----
Fighting       | 1 4 5 6 |  6.0
Necromancy     | 5 6 7 8 |  8.1
Spellcasting   | 4 5 |  5.9
Invocations    | 4 |  4.1
Hexes          | 2 |  2.5
Dodging        | |  1.7
Stealth        | |  1.7

Action                   |  1- 3 |  4- 6 |  7- 9 || total
-------------------------+-------+-------+-------++-------
Melee: Unarmed           |     4 |       |       ||     4
       Dagger            |    22 |       |       ||    22
       Spear             |    16 |    39 |   150 ||   205
       Punch             |       |       |     2 ||     2
 Cast: Necrotise         |    35 |     4 |    31 ||    70
       Vampiric Draining |       |     3 |     2 ||     5
       Animate Dead      |       |       |     4 ||     4
       Agony             |       |       |     3 ||     3
       Anguish           |       |       |     2 ||     2
  Use: Scroll            |       |     2 |     7 ||     9
       Potion            |       |     2 |     1 ||     3
 Stab: Distracted        |     1 |       |     2 ||     3
       Sleeping          |     1 |       |     8 ||     9
       Paralysed         |       |       |     8 ||     8
Armor: Robe              |     8 |     5 |    20 ||    33
Dodge: Dodged            |    15 |    37 |    48 ||   100

Table legend: (Time is in decaauts)
 A = Elapsed time spent in this place.
 B = Non-inter-level travel time spent in this place.
 C = Inter-level travel time spent in this place.
 D = Time resting spent in this place.
 E = Time spent auto-exploring this place.
 F = Levels seen in this place.
 G = Mean time per level.
                   A        B        C        D        E       F      G
               +--------+--------+--------+--------+--------+-----+--------+
         Total |   5887 |   5771 |    116 |    516 |   4442 |   7 |  841.0 |
       Dungeon |   5887 |   5771 |    116 |    516 |   4442 |   7 |  841.0 |
               +--------+--------+--------+--------+--------+-----+--------+

Top non-repeatable levels by time:
     D:5: 1380 daAuts
     D:3: 1199 daAuts
     D:6: 1065 daAuts
     D:4: 907 daAuts
     D:2: 676 daAuts
     D:1: 542 daAuts
     D:7: 115 daAuts
